 Dungeon Crawl Stone Soup version 0.28.0 (webtiles) character file.

Game seed: 160707787074194997

7760 GrayStillPlays the Transmogrifier (level 11, -7/61 (78) HPs)
             Began as a Demonspawn Gladiator on Feb 12, 2022.
             Was an Initiate of Gozag.
             Killed from afar by Josephine (27 damage)
             ... with a ghostly fireball
             ... on level 10 of the Dungeon.
             The game lasted 00:32:30 (14226 turns).

GrayStillPlays the Transmogrifier (DsGl)           Turns: 14226, Time: 00:32:31

HP:   -7/61 (78)    AC: 13    Str: 14    XL:     11   Next: 1%
MP:   0/20          EV:  9    Int: 19    God:    Gozag
Gold: 1008          SH:  0    Dex: 26    Spells: 22/22 levels left

rFire   + . .      SeeInvis .   z - +1 spear (venom) {polearm}
rCold   . . .      Faith    .   (no shield)
rNeg    . . .      Spirit   +   k - +0 chain mail
rPois   +          Reflect  .   c - +0 helmet
rElec   .          Harm     .   J - scarf {+Inv}
rCorr   +          Rampage  .   (no gloves)
Will    .....                   r - +0 pair of boots
Stlth   ..........              u - amulet of the acrobat
HPRegen 0.20/turn               o - +6 ring of dexterity
MPRegen 0.34/turn               B - ring of the Omega Point {rPois rF+ rCorr Int+6 Dex+4}

@: slowed, heavily drained, very slow
A: yellow scales 1, magic shield, magic regeneration, magic link, demonic touch
2
a: Renounce Religion, Evoke Invisibility, Potion Petition, Call Merchant, Bribe
Branch


You were on level 10 of the Dungeon.
You worshipped Gozag.
Gozag was most pleased with you.
You visited 2 branches of the dungeon, and saw 11 of its levels.

You collected 1250 gold pieces.
You paid 242 gold pieces to Gozag.


Innate Abilities, Weirdness & Mutations

You are partially covered in yellow scales. (AC +2)
When hurt, damage is shared between your health and your magic reserves.
You regenerate magic rapidly.
When low on magic, you restore magic in place of health.
Your touch may inflict irresistible damage on your foes.


   Skills:
 - Level 4.6 Fighting
 - Level 3.3 Axes
 - Level 1.7 Throwing
 - Level 3.2 Armour
 - Level 4.6 Dodging
 - Level 6.0 Spellcasting
 + Level 8.9 Transmutations
 + Level 8.9 Earth Magic


You had 22 spell levels left.
You didn't know any spells.
Your spell library contained the following spells:

 Spells                   Type           Power      Damage    Failure   Level
 Lee's Rapid Deconstruct  Erth           19%        3d12*     88%         5
 Summon Small Mammal      Summ           20%        N/A       95%         1
 Leda's Liquefaction      Hex/Erth       11%        N/A       99%         4
 Call Canine Familiar     Summ           5%         N/A       100%        3
 Dazzling Flash           Conj/Hex       10%        N/A       100%        3
 Inner Flame              Hex/Fire       5%         N/A       100%        3
 Ozocubu's Armour         Ice            5%         N/A       100%        3
 Summon Guardian Golem    Hex/Summ       5%         N/A       100%        3
 Tukima's Dance           Hex            5%         N/A       100%        3
 Cause Fear               Hex            2%         N/A       100%        4
 Iskenderun's Mystic Bla  Conj/Tloc      5%         2d3       100%        4
 Passage of Golubria      Tloc           5%         N/A       100%        4
 Metabolic Englaciation   Hex/Ice        2%         N/A       100%        5
 Yara's Violent Unravell  Hex/Tmut       11%        3d6       100%        5
 Simulacrum               Ice/Necr       2%         N/A       100%        6
 Starburst                Conj/Fire      2%         6d3       100%        6
 Statue Form              Tmut/Erth      26%        N/A       100%        6
 Discord                  Hex            2%         N/A       100%        8

Inventory:

Hand Weapons
 e - the +2 spear "Beastslayer" {flame, rC+ SInv, polearm}
   (You found it on level 5 of the Dungeon)

   It burns those it strikes, dealing additional fire damage.
   rC:        It protects you from cold.
   SInv:      It lets you see invisible.
 w - the +2 dagger of Summertime {flame, rN++ Int+4, short}
   (You found it on level 3 of the Dungeon)

   It burns those it strikes, dealing additional fire damage.
   Int:       It affects your intelligence (+4).
   rN:        It greatly protects you from negative energy.
 z - a +1 spear of venom (weapon) {polearm}
   (You took it off a gnoll on level 4 of the Dungeon)
 F - the +5 whip of Sulphur {freeze, Dex+2, mace}
   (You took it off an orc on level 6 of the Dungeon)

   It freezes those it strikes, dealing additional cold damage.
   It can also slow down cold-blooded creatures.
   Dex:       It affects your dexterity (+2).
Missiles
 d - 10 throwing nets (quivered) {=f!fthrowing}
 f - 158 arrows
 g - 59 bolts
 h - 41 sling bullets
 i - 331 stones {throwing}
 l - 7 boomerangs {throwing}
 q - 12 poisoned darts {throwing}
Armour
 c - a +0 helmet (worn)
 k - a +0 chain mail (worn)
   (You found it on level 2 of the Dungeon)
 r - a +0 pair of boots (worn)
   (You found it on level 5 of the Dungeon)
 J - a scarf of invisibility (worn)
   (You found it on level 6 of the Dungeon)
 R - a +1 leather armour of willpower
   (You took it off a gnoll shaman on level 8 of the Dungeon)
Magical Staves
 b - a staff of conjuration {!a@e2staff}
   (You found it on level 9 of the Dungeon)
Jewellery
 a - a +6 ring of strength
   (You found it on level 7 of the Dungeon)
 j - a ring of resist corrosion
   (You found it on level 6 of the Dungeon)
 o - a +6 ring of dexterity (left hand)
   (You found it on level 2 of the Dungeon)
 u - an amulet of the acrobat (around neck)
   (You found it on level 3 of the Dungeon)
 B - the ring of the Omega Point (right hand) {rPois rF+ rCorr Int+6 Dex+4}
   (You found it on level 5 of the Dungeon)

   [ring of intelligence]

   Int:       It affects your intelligence (+6).
   Dex:       It affects your dexterity (+4).
   rF:        It protects you from fire.
   rPois:     It protects you from poison.
   rCorr:     It protects you from acid and corrosion.
Wands
 I - a wand of polymorph (14)
   (You found it on level 7 of the Dungeon)
 K - a wand of flame (49)
   (You found it on level 7 of the Dungeon)
 P - a wand of acid (10)
   (You took it off a gnoll shaman on level 8 of the Dungeon)
 T - a wand of iceblast (3)
   (You found it on level 9 of the Dungeon)
Scrolls
 n - a scroll of vulnerability {!r!r}
 t - a scroll of teleportation {@r4}
 x - 3 scrolls of fog
 y - a scroll of blinking {unknown}
 A - a scroll of noise {unknown}
 D - 2 scrolls of silence {!r}
 E - a scroll of enchant weapon {unknown}
 G - a scroll of amnesia {unknown}
 L - 2 scrolls of identify {@r1}
 O - a scroll of holy word {unknown}
 Q - a scroll of magic mapping {unknown}
 S - a scroll of summoning {unknown}
Potions
 m - a potion of resistance
 p - 3 potions of heal wounds {unknown}
 s - a potion of curing {@q1}
 v - 3 potions of degeneration {!q@e2}
 C - a potion of invisibility {unknown}
 H - 2 potions of cancellation {unknown}
 M - 3 potions of mutation {unknown}
 N - 4 potions of attraction {unknown}
 U - 2 potions of lignification {unknown}
 V - 2 potions of might {unknown}

Dungeon Overview and Level Annotations

Branches:
Dungeon (10/15)            Temple (1/1) D:6
   Lair: D:8-11         Orc: D:9-12

Altars:
Ashenzari
Cheibriados
Dithmenos
Elyvilon
Fedhas
Gozag
Hepliaklqana
Kikubaaqudgha
Makhleb
Nemelex Xobeh
Okawaru
Qazlal
Ru
Sif Muna
Trog
Uskayaw
Vehumet
Wu Jian
Xom
Yredelemnul
Zin
The Shining One

Shops:
D:3 (   D:5 [   D:6 [   D:8 =

Annotations:
D:10 Josephine .## #. ..## #.# . #..# #.. .P ##.######### #.. P.P

##.........# #.### ....
##########.# ...# ?...P
# #.# ##.##)(...P #
##.#####.@WW.....P $ #
######.......@#.##.PP.P
# ##......####...#.#


PY. ###..###### ###.#.. P ....## #....# ##### ###..# ## >(..# >####### #...#
........ ... ######## You could see Josephine (poisoned, corroded) and 2
wraiths.


Message History

The mass of ice explodes!
The iceblast engulfs the plant!
The plant begins to die.
The iceblast engulfs Josephine!
The iceblast engulfs the fungus!
The fungus begins to die.
The iceblast engulfs the fungus!!
The fungus begins to die.
You hear a shout!
A wraith comes into view.
Really read the scroll of vulnerability?
Okay, then.
Aiming: Iceblast
Press: ? - help, Q - select action, (/) - cycle Shift-Dir - straight line, f - plant
Aim: a plant (lightly damaged, withering away)
The mass of ice explodes!
The iceblast engulfs the plant! x2
The plant begins to die.
The iceblast engulfs Josephine.
The iceblast engulfs the plant!
The plant begins to die.
You hear a shout!
Aiming: Corrosive Bolt
Press: ? - help, Q - select action, (/) - cycle Shift-Dir - straight line, f - Josephine, p - plant
Aim: Josephine, wielding a +0 dagger and wearing a +0 robe (moderately wounded, 71% to hit)
The bolt of acid hits the wraith!
The bolt of acid hits Josephine!
The acid corrodes Josephine!
You hear a bellow!
The wraith barely misses you.
Aiming: Corrosive Bolt
Press: ? - help, Q - select action, (/) - cycle Shift-Dir - straight line, f/p - Josephine
Aim: Josephine, wielding a +0 dagger and wearing a +0 robe (moderately wounded, covered in acid, 71% to hit)
The bolt of acid hits the wraith!
The acid corrodes the wraith!
The bolt of acid hits Josephine!!
Josephine seems to be corroded for longer.
A nearby fungus withers and dies.
The wraith hits you. The wraith drains your vigour!
You feel yourself slow down.
A scorpion comes into view. 😕 HP[-4] MP[-1]
You take 4 damage, and now have 74/78 hp.
You lost 1 mp, and now have 19/20 mp.
You hit the wraith.
You touch the wraith.
A nearby fungus withers and dies.
A nearby plant withers and dies. x3; The wraith closely misses you. 😕 HP[+1]
You closely miss Josephine.
Josephine hits you but does no damage. 😕 MP[+1]
Your mp is fully restored (20).
You closely miss Josephine.
You touch Josephine!
Josephine casts a spell at you.
The ghostly flame explodes!
The ghostly fireball engulfs you!!
You feel drained.
The ghostly fireball engulfs Josephine.
Josephine completely resists.
The scorpion stings the plant!
The plant begins to die.
Josephine casts a spell at you.
The ghostly flame explodes!
The ghostly fireball engulfs you!!
You feel drained.
* * * LOW HITPOINT WARNING * * *
The ghostly fireball engulfs Josephine.
Josephine completely resists.
You hear a bellow! x2 😨 HP[-46] MP[-11]
You now have 70 max hp (-8).
You take 46 damage, and now have 29/70 hp.
MASSIVE DAMAGE!! (PAUSE)
You lost 11 mp, and now have 9/20 mp.
You closely miss Josephine.
The scorpion stings the plant!
The scorpion stings the plant.
Josephine hits you but does no damage. 😨 HP[+1]
You hit Josephine.
Josephine is poisoned.
You touch Josephine!
The scorpion completely misses the plant.
Josephine casts a spell at you.
The ghostly flame explodes!
The ghostly fireball engulfs you!
You feel drained.
* * * LOW HITPOINT WARNING * * *
The ghostly fireball engulfs Josephine.
Josephine completely resists.
The scorpion stings the plant.
The plant is poisoned.
The scorpion poisons the plant!
A yak comes into view.
Josephine completely misses you. 😨 HP[-8] MP[-2]
You now have 68 max hp (-2).
You take 8 damage, and now have 22/68 hp.
You lost 2 mp, and now have 7/20 mp.
A nearby plant withers and dies.
Josephine points at you and mumbles some strange words.
The ghostly flame explodes!
The ghostly fireball engulfs you!!
You feel drained.
* * * LOW HITPOINT WARNING * * *
The ghostly fireball engulfs Josephine.
Josephine completely resists.
You hear a bellow! 😱 HP[-16] MP[-6]
You now have 65 max hp (-3).
You take 16 damage, and now have 6/65 hp.
MASSIVE DAMAGE!! (PAUSE)
You lost 6 mp, and now have 1/20 mp. [a] - 675 gold - lignification, might, resistance and invisibility [b] - 360 gold - brilliance and magic [c] - 125 gold - heal wounds Purchase which effect?
You feel much better. Josephine casts a spell at you.
The ghostly flame explodes!
The ghostly fireball engulfs you!!
You feel drained.
You die...
Your body crumbles into a pile of gold.

Skill      XL: |  1  2  3  4  5  6  7  8  9 10 |
---------------+-------------------------------+-----
Dodging        | 3 4 |  4.6
Axes           | 3 |  3.3
Spellcasting   | 1 2 3 4 5 6 |  6.0
Armour         | 1 2 3 |  3.2
Fighting       | 3 4 |  4.6
Transmutations | 1 4 6 8 |  8.9
Earth Magic    | 1 4 6 8 |  8.9
Throwing       | |  1.7

Action                   |  1- 3 |  4- 6 |  7- 9 | 10-12 || total
-------------------------+-------+-------+-------+-------++-------
Melee: War axe           |    83 |   114 |   124 |       ||   321
       Touch             |     7 |    19 |    78 |    82 ||   186
       Punch             |     1 |     2 |     3 |     6 ||    12
       Spear             |       |       |   199 |   408 ||   607
       Dagger            |       |       |       |    10 ||    10
Throw: Dart              |       |       |     5 |    11 ||    16
       Throwing net      |       |       |     1 |     3 ||     4
Invok: Potion Petition   |       |       |       |     1 ||     1
Evoke: Wand              |       |     2 |    10 |     4 ||    16
  Use: Scroll            |       |       |     4 |     4 ||     8
       Potion            |       |       |     2 |     1 ||     3
 Stab: Sleeping          |     2 |       |       |       ||     2
       Distracted        |       |       |       |     1 ||     1
Armor: Leather armour    |    32 |       |       |       ||    32
       Chain mail        |    15 |    77 |   165 |   160 ||   417
Dodge: Dodged            |    54 |    62 |   165 |   194 ||   475

Levels and vault maps discovered:
D:1:      dpeg_arrival_subterranean_lakeside_camping, layout_basic,
          shapermc_ecumenical_altar_petra
D:2:      layout_loops_ring
D:3:      layout_basic, serial_shops, shop, uniq_grinder
D:4:      layout_rooms, uniq_sigmund, uniq_menkaure
D:5:      layout_layer_cave, led_sif_book, serial_shops, kennysheep_mini,
          eino_small_chamber_without_monster, uniq_pikel
D:6:      wad_guarded_room, layout_basic, serial_shops, nicolae_shop_waterfront,
          corexii_corridor_pit, grunt_decor_resistance
D:7:      layout_basic, serial_co_window_serial, co_window_paths_b,
          co_window_corner_a, co_window_paths_a, co_window_of_opportunity_a,
          co_window_corner_a, co_window_corner_ca, co_window_broadway_a,
          co_window_unsneaky_path_c, glass_columns_a, glass_columns_c,
          glass_columns_a
D:8:      layout_cave_pools, serial_gnoll_camp, gnoll_camp_mini_loothouse,
          gnoll_camp_mini_shop, gnoll_camp_mini_house, gnoll_camp_huts_moat,
          hangedman_abyss_or_decor_stagger, uniq_grum
D:9:      layout_basic
D:10:     minmay_separated_statues, layout_rooms,
          grunt_lair_entry_orc_guard_hut, minmay_the_grid_2x2
          [minmay_the_grid_dragon_a, minmay_the_grid_outer_circle,
          minmay_the_grid_doors, minmay_the_grid_prize_big_room], uniq_josephine
Temple:   mainiacjoe_temple_hex_bubbles

Notes
Turn   | Place    | Note
-------+----------+-------------------------------------------
     0 | D:1      | GrayStillPlays the Demonspawn Gladiator began the quest for
                  | the Orb.
     0 | D:1      | Reached XP level 1. HP: 16/16 MP: 1/1
     0 | D:1      | magus.rc [v1.9.6]
   192 | D:1      | Found a faded altar of an unknown god.
   241 | D:1      | Gained mutation: Your touch may inflict minor irresistible
                  | damage on your foes. [demonic ancestry]
   241 | D:1      | Reached XP level 2. HP: 22/22 MP: 2/2
   374 | D:1      | You pick up a book of Spectacle and begin reading...
   374 | D:1      | You add the spells Dazzling Flash, Iskenderun's Mystic
                  | Blast and Starburst to your library.
   470 | D:1      | Reached skill level 3 in Dodging
   531 | D:1      | Reached skill level 3 in Axes
   536 | D:1      | Reached skill level 1 in Spellcasting
   539 | D:1      | Reached XP level 3. HP: 22/28 MP: 4/4
   954 | D:2      | You pick up a book of Callings and begin reading...
   954 | D:2      | You add the spells Summon Small Mammal, Call Canine
                  | Familiar and Summon Guardian Golem to your library.
   985 | D:2      | Noticed a phantom
  1006 | D:2      | Killed a phantom
  1007 | D:2      | Gained mutation: Your touch may inflict irresistible damage
                  | on your foes. [demonic ancestry]
  1007 | D:2      | Reached XP level 4. HP: 13/34 MP: 4/6
  1238 | D:2      | Reached skill level 1 in Armour
  1332 | D:2      | Reached skill level 3 in Fighting
  1866 | D:3      | Found Wutefu's Antique Weapon Shop.
  1877 | D:3      | Reached XP level 5. HP: 41/41 MP: 7/7
  2281 | D:3      | Noticed Grinder
  2290 | D:3      | Killed Grinder
  2291 | D:3      | Reached skill level 2 in Armour
  2291 | D:3      | Reached skill level 2 in Spellcasting
  2291 | D:3      | Gained mutation: You regenerate magic rapidly. [demonic
                  | ancestry]
  2291 | D:3      | Reached XP level 6. HP: 37/48 MP: 7/9
  2549 | D:3      | Identified the +2 dagger of Summertime {flame, rN++ Int+4}
  2679 | D:3      | Reached skill level 4 in Dodging
  2804 | D:4      | Noticed Sigmund
  2804 | D:4      | Noticed Menkaure
  3269 | D:3      | Reached skill level 4 in Fighting
  3350 | D:4      | Reached skill level 3 in Spellcasting
  3350 | D:4      | Gained mutation: When hurt, damage is shared between your
                  | health and your magic reserves. [demonic ancestry]
  3350 | D:4      | Reached XP level 7. HP: 41/54 MP: 11/11
  3833 | D:4      | Killed Sigmund
  3834 | D:4      | Reached skill level 3 in Armour
  3932 | D:4      | You pick up a book of the Earth and begin reading...
  3932 | D:4      | You add the spells Leda's Liquefaction, Lee's Rapid
                  | Deconstruction and Statue Form to your library.
  4109 | D:4      | You add the spells Tukima's Dance, Passage of Golubria and
                  | Yara's Violent Unravelling to your library.
  4841 | D:4      | HP: 4/55 [Menkaure (15)]
  4846 | D:4      | Killed Menkaure
  4847 | D:4      | Reached skill level 1 in Transmutations
  4847 | D:4      | Reached skill level 1 in Earth Magic
  5151 | D:5      | Entered Level 5 of the Dungeon
  5153 | D:5      | Identified the ring of the Omega Point {rPois rF+ rCorr
                  | Int+6 Dex+4}
  5180 | D:5      | Reached skill level 4 in Spellcasting
  5180 | D:5      | Gained mutation: When low on magic, you restore magic in
                  | place of health. [demonic ancestry]
  5180 | D:5      | Reached XP level 8. HP: 52/61 MP: 11/14
  5253 | D:5      | Reached skill level 2 in Transmutations
  5253 | D:5      | Reached skill level 2 in Earth Magic
  5282 | D:4      | HP: 15/61 [yak (8)]
  5319 | D:4      | HP: 9/61 [yak (4)]
  5629 | D:5      | Noticed Pikel
  5756 | D:5      | Reached skill level 3 in Transmutations
  5756 | D:5      | Reached skill level 3 in Earth Magic
  5864 | D:5      | Identified the +2 spear "Beastslayer" {flame, rC+ SInv}
  5908 | D:6      | Reached skill level 5 in Spellcasting
  6088 | D:6      | HP: 15/61 [yak (4)]
  6090 | D:6      | HP: 3/61 [yak (9)]
  6377 | D:6      | Reached skill level 4 in Transmutations
  6377 | D:6      | Reached skill level 4 in Earth Magic
  6377 | D:6      | Reached XP level 9. HP: 33/66 MP: 11/17
  6560 | D:5      | Found Imadil's Antique Armour Emporium.
  6699 | D:5      | Found a shimmering blue altar of Sif Muna.
  7149 | D:5      | Reached skill level 6 in Spellcasting
  7265 | D:5      | Killed Pikel
  7266 | D:5      | Reached skill level 5 in Transmutations
  7266 | D:5      | Reached skill level 5 in Earth Magic
  7323 | D:5      | You pick up a book of Winter and begin reading...
  7323 | D:5      | You add the spells Ozocubu's Armour, Metabolic Englaciation
                  | and Simulacrum to your library.
  7468 | D:6      | Identified the +5 whip of Sulphur {freeze, Dex+2}
  7670 | D:6      | Reached skill level 6 in Transmutations
  7670 | D:6      | Reached skill level 6 in Earth Magic
  7904 | D:6      | Found a staircase to the Ecumenical Temple.
  7909 | Temple   | Entered the Ecumenical Temple
  8092 | Temple   | Became a worshipper of Gozag Ym Sagoz the Greedy
  8594 | D:6      | Gained mutation: You are partially covered in yellow
                  | scales. (AC +2) [demonic ancestry]
  8594 | D:6      | Reached XP level 10. HP: 65/73 MP: 19/19
  8892 | D:6      | Found Dell's Armour Shop.
  9360 | D:7      | Noticed a two-headed ogre
  9385 | D:7      | Killed a two-headed ogre
  9386 | D:7      | Reached skill level 7 in Transmutations
  9386 | D:7      | Reached skill level 7 in Earth Magic
 10602 | D:8      | Noticed Grum
 10619 | D:8      | HP: 17/73 [Grum (6)]
 10632 | D:8      | HP: 16/73 [wolf[Grum] (4)]
 10634 | D:8      | HP: 7/73 [wolf[Grum] (6)]
 11281 | D:8      | Found Tovib's Jewellery Shop.
 11804 | D:8      | Reached skill level 8 in Transmutations
 11836 | D:8      | Reached skill level 8 in Earth Magic
 12365 | D:8      | Killed Grum
 12888 | D:8      | You pick up a book of Spectacle and begin reading...
 13621 | D:9      | You pick up a book of Hexes and begin reading...
 13621 | D:9      | You add the spells Inner Flame, Cause Fear and Discord to
                  | your library.
 14104 | D:10     | Entered Level 10 of the Dungeon
 14189 | D:10     | Reached XP level 11. HP: 72/78 MP: 20/20
 14214 | D:10     | Noticed Josephine
 14225 | D:10     | HP: 6/65 [Josephine/ghostly fireball (16)]
 14226 | D:10     | Killed from afar by Josephine

Vanquished Creatures
  A two-headed ogre (D:7)
  Pikel (D:5)
  Grinder (D:3)
  Sigmund (D:4)
  3 wraiths
  12 yaks
  Grum (D:8)
  Menkaure (D:4)
  3 water moccasins
  An orc warrior (D:6)
  An ice beast (D:6)
  A black bear (D:5)
  4 sky beasts
  2 necrophages
  4 wolves (D:8)
  2 ogres
  3 centaurs
  2 lemures (D:5)
  2 phantoms
  3 gnoll sergeants
  2 scorpions
  A wyvern zombie (D:9)
  3 killer bees (D:5)
  2 centaur zombies
  2 bullfrog zombies (D:6)
  8 hounds
  5 gnoll shamans
  3 orc priests
  2 jellies
  2 iguanas
  A bullfrog skeleton (D:4)
  4 orc wizards
  A hound skeleton (D:5)
  A howler monkey zombie (D:6)
  41 gnolls
  A howler monkey skeleton (D:6)
  11 adders
  2 shadow imps
  2 ufetubi
  2 adder skeletons (D:4)
  2 worms
  2 dart slugs
  15 orcs
  4 ball pythons
  4 bats
  7 endoplasms
  3 giant cockroaches
  6 goblins
  4 hobgoblins
  7 jackals
  6 kobolds
  3 quokkas
  6 frilled lizards
  7 rats
221 creatures vanquished.

Vanquished Creatures (others)
  An orc (D:4)
  5 fungi (D:10)
  7 plants (D:10)
13 creatures vanquished.

Grand Total: 234 creatures vanquished

Table legend:
 A = Non-vault XP
 B = Vault XP
 C = Vault XP percentage of total XP
 D = Non-vault monster count
 E = Vault monster count
 F = Vault count percentage of total count
                 A         B        C        D         E       F
            +---------+---------+-------+---------+---------+-------
      Total |    6952 |    4135 |  37.3 |     152 |      67 |  30.6
            +---------+---------+-------+---------+---------+-------
        D:1 |      34 |       9 |  20.9 |      20 |       6 |  23.1
        D:2 |     151 |       0 |   0.0 |      19 |       0 |   0.0
        D:3 |     246 |     286 |  53.8 |      25 |       1 |   3.8
        D:4 |     480 |     395 |  45.1 |      19 |       2 |   9.5
        D:5 |    1011 |     661 |  39.5 |      15 |       3 |  16.7
        D:6 |    1428 |    1195 |  45.6 |      18 |      17 |  48.6
        D:7 |    1413 |      14 |   1.0 |      18 |       1 |   5.3
        D:8 |    1669 |    1373 |  45.1 |      14 |      36 |  72.0
        D:9 |     520 |       0 |   0.0 |       4 |       0 |   0.0
       D:10 |       0 |     202 | 100.0 |       0 |       1 | 100.0
            +---------+---------+-------+---------+---------+-------

Illustrated notes

Table legend:
 A = Kills in this place as a percentage of kills in entire the game.
 B = Kills by you in this place as a percentage of kills by you in the entire game.
 C = Kills by friends in this place as a percentage of kills by friends in the entire game.
 D = Other kills in this place as a percentage of other kills in the entire game.
 E = Experience gained in this place as a percentage of experience gained in the entire game.
 F = Experience gained in this place divided by the number of levels of this place that you have seen.
                   A       B       C       D       E      F
               +-------+-------+-------+-------+-------+----------------------
         Total | 100.0 | 100.0 |   N/A |   N/A | 100.0 | 1007.9
       Dungeon | 100.0 | 100.0 |   N/A |   N/A | 100.0 | 1108.7
               +-------+-------+-------+-------+-------+----------------------

Table legend: (Time is in decaauts)
 A = Elapsed time spent in this place.
 B = Non-inter-level travel time spent in this place.
 C = Inter-level travel time spent in this place.
 D = Time resting spent in this place.
 E = Time spent auto-exploring this place.
 F = Levels seen in this place.
 G = Mean time per level.
                   A        B        C        D        E       F      G
               +--------+--------+--------+--------+--------+-----+--------+
         Total |  14403 |  13663 |    740 |   3334 |   7229 |  11 | 1309.4 |
       Dungeon |  14156 |  13475 |    681 |   3334 |   7054 |  10 | 1415.6 |
        Temple |    246 |    187 |     59 |      0 |    175 |   1 |  246.0 |
               +--------+--------+--------+--------+--------+-----+--------+

Top non-repeatable levels by time:
     D:6: 2446 daAuts
     D:3: 2196 daAuts
     D:8: 1950 daAuts
     D:4: 1703 daAuts
     D:7: 1610 daAuts
     D:5: 1118 daAuts
     D:9: 1090 daAuts
     D:2: 1033 daAuts
     D:1: 874 daAuts
  Temple: 246 daAuts
    D:10: 131 daAuts
